 Dungeon Crawl Stone Soup version 0.30.1-11-g7821555f0a (webtiles) character file.

Game seed: 2087339999392124996

2255 bnorton916 the Thaumaturge (level 9, -5/40 (45) HPs)
             Began as a Deep Elf Conjurer on Dec 8, 2023.
             Slain by a wight
             ... wielding a +1 hand axe of electrocution
              (7 damage)
             ... on level 5 of the Dungeon.
             The game lasted 00:13:52 (10485 turns).

bnorton916 the Thaumaturge (Deep Elf Conjurer)     Turns: 10485, Time: 00:13:53

HP:   -5/40 (45)    AC:  6    Str:  6    XL:     9   Next: 15%
MP:   0/24          EV: 12    Int: 26    God:
Gold: 646           SH:  0    Dex: 13    Spells: 15/26 levels left

rFire   x . .        (no weapon)
rCold   + . .        (no shield)
rNeg    . . .        m - +1 robe of Wrong Decisions {+Inv rPois rF- Stlth+}
rPois   +            (no helmet)
rElec   .            (no cloak)
rCorr   .            y - +0 pair of gloves
SInv    .            b - +1 pair of boots
Will    .....        (no amulet)
Stlth   +++          h - ring of protection from cold
HPRegen 0.26/turn    (no ring)
MPRegen 0.19/turn

%: no passive effects
@: heavily drained
A: no striking features
a: Evoke Invisibility


You were on level 5 of the Dungeon.
You visited 1 branch of the dungeon, and saw 6 of its levels.
You also visited: Ossuary.

You collected 646 gold pieces.

Inventory:

Hand Weapons
 p - a +2 dagger of electrocution
Armour
 b - a +1 pair of boots (worn)
 m - the +1 robe of Wrong Decisions (worn) {+Inv rPois rF- Stlth+}
   (You found it on level 2 of the Dungeon)

   rF:        It makes you vulnerable to fire.
   rPois:     It protects you from poison.
   +Inv:      It lets you turn invisible.
   Stlth:     It makes you more stealthy.
 o - the +0 helmet of the Crypt {Will+ Int+7}
   (You acquired it on level 4 of the Dungeon)

   Int:       It affects your intelligence (+7).
   Will:      It increases your willpower.
 w - an orb of mayhem
 y - a +0 pair of gloves (worn)
Jewellery
 e - a ring of ice
 h - a ring of protection from cold (left hand)
 A - a ring of ice
Scrolls
 c - 2 scrolls of poison
 g - a scroll of magic mapping
 i - a scroll of amnesia
 j - 2 scrolls of vulnerability
 l - 2 scrolls of immolation
 n - a scroll of fog
 r - a scroll of torment {unknown}
 t - a scroll of enchant armour {unknown}
 C - a scroll of identify
Potions
 a - 3 potions of berserk rage {unknown}
 d - 2 potions of curing
 f - 4 potions of flight
 k - a potion of heal wounds {unknown}
 q - a potion of attraction
 u - 2 potions of might {unknown}
 v - a potion of invisibility {unknown}
 x - 2 potions of mutation {unknown}
 z - 2 potions of cancellation
 B - a potion of degeneration {unknown}


   Skills:
 - Level 2.4 Dodging
 - Level 2.4 Stealth
 + Level 9.2 Spellcasting
 + Level 8.5 Conjurations
 + Level 7.0 Hexes
 + Level 5.9 Translocations


You had 15 spell levels left.
You knew the following spells:

 Your Spells              Type           Power      Damage    Failure   Level
a - Magic Dart            Conj           100%       1d8       1%          1
b - Searing Ray           Conj           100%       2d8       1%          2
c - Fulminant Prism       Conj/Hex       25%        3d13      1%          4
d - Iskenderun's Mystic   Conj/Tloc      49%        2d11      2%          4

Your spell library contained the following spells:

 Spells                   Type           Power      Damage    Failure   Level
 Dazzling Flash           Conj/Hex       100%       N/A       1%          3
 Stone Arrow              Conj/Erth      68%        3d11      2%          3
 Sandblast                Erth           22%        2d7       4%          1
 Cigotuvi's Dreadful Rot  Necr/Pois/Air  22%        N/A       8%          2
 Passwall                 Tmut/Erth      9%         N/A       8%          2
 Sticky Flame             Conj/Fire      34%        2d5       9%          4
 Ignite Poison            Fire/Tmut/Pois 11%        N/A       16%         3
 Fireball                 Conj/Fire      17%        3d9       24%         5
 Freezing Cloud           Conj/Ice/Air   13%        6-21      41%         5


Dungeon Overview and Level Annotations

Branches:
Dungeon (6/15)            Ossuary (visited)
 Temple: D:4-7

Altars:
Ashenzari
Fedhas
Sif Muna
Trog
Yredelemnul

Shops:
D:1 :   D:5 ?!

Annotations:
D:4 Duvessa


Message History

Unknown command.
The wight attacks as you move away!
The wight hits you with a +1 hand axe of electrocution.
The wight attacks as you move away!
The wight hits you with a +1 hand axe of electrocution.
There is a stone staircase leading up here.
The wight closely misses you.
You climb upwards.
There is a stone staircase leading down here.
Unknown command.
Casting: Iskenderun's Mystic Blast (dangerous; 2% risk of failure)
Confirm with . or Enter, or press ? or * to list all spells.
Aiming: Searing Ray (safe; 1% risk of failure)
Press: ? - help, Shift-Dir - straight line, f - wight
Aim: a wight, wielding a +1 hand axe of electrocution and wearing a +1 ring mail of willpower (severely damaged, 85% to hit)
The searing ray misses the wight. (Press . to maintain the ray.)
The wight hits you with a +1 hand axe of electrocution!
* * * LOW HITPOINT WARNING * * *
You feel drained.
* * * LOW HITPOINT WARNING * * *
You are electrocuted!
* * * LOW HITPOINT WARNING * * *
Unknown command.
You feel better.
The wight hits you with a +1 hand axe of electrocution!
* * * LOW HITPOINT WARNING * * *
You feel drained.
* * * LOW HITPOINT WARNING * * *
You aren't carrying any items that you can evoke.
Unknown command.
Unknown command.
Unknown command.
Okay, then.
Unknown command.
Unknown command.
Unknown command.
The wight attacks as you move away!
The wight hits you with a +1 hand axe of electrocution!
You die...

#.#########.######...#.# #.#
##.####.....#.# ### #.#
#...........#.# ..# #.#
#..######...#.# ..# #.# ##..#
#...#.# ..# #.# ####...# #...#.#
..#####.####......######...#.####
................................#
...............z@..........#.##.#
......##########..###.##...#.##.#
......# #).###.##........#
......# ###### #..........)......
......# #....# #..###......#.#..#
..#######....# #..###.###..#.#.)#
.............###......###..#.#..#
#####.###.....##.####............
.# #.###.....##................#


You could see a wight.

Vanquished Creatures
  2 yaks (D:5)
  An orc warrior (D:6)
  A black bear (D:6)
  An ice beast (D:6)
  5 ogres
  A phantom (D:6)
  3 scorpions
  6 wights (D:6)
  Dowan (D:5)
  A howler monkey (D:5)
  A bullfrog zombie (D:5)
  An orc priest (D:6)
  2 hounds
  A jelly (D:4)
  4 iguanas
  A gnoll bouda (D:6)
  2 hound zombies (D:5)
  2 mummies (Ossuary)
  A howler monkey zombie (D:5)
  8 gnolls
  7 adders
  A shadow imp (D:5)
  An adder zombie (D:5)
  A worm (D:3)
  A dart slug (D:2)
  19 orcs
  11 ball pythons
  5 bats
  4 endoplasms
  4 giant cockroaches
  4 goblins
  7 hobgoblins
  6 jackals
  3 quokkas
  3 frilled lizards
  2 gnoll zombies (Ossuary)
  3 goblin zombies (Ossuary)
  6 hobgoblin zombies (Ossuary)
  10 kobolds
  3 orc zombies (Ossuary)
  7 rats
153 creatures vanquished.

Vanquished Creatures (others)
  14 fulminant prisms
14 creatures vanquished.

Grand Total: 167 creatures vanquished

Notes
Turn   | Place    | Note
-------+----------+-------------------------------------------
     0 | D:1      | bnorton916 the Deep Elf Conjurer began the quest for the
                  | Orb.
     0 | D:1      | Reached XP level 1. HP: 10/10 MP: 6/6
   162 | D:1      | Reached XP level 2. HP: 15/15 MP: 4/8
   477 | D:1      | Found Tuikkabi's Book Boutique.
   639 | D:1      | Reached skill level 4 in Spellcasting
   892 | D:2      | Reached skill level 5 in Conjurations
   892 | D:2      | Reached XP level 3. HP: 19/19 MP: 6/10
   901 | D:2      | Learned a level 2 spell: Searing Ray
  1020 | D:2      | Got the Writings on Wildfire
  1135 | D:2      | Identified the +1 robe of Wrong Decisions {+Inv rPois rF-
                  | Stlth+}
  1733 | D:3      | Reached XP level 4. HP: 24/24 MP: 6/12
  2222 | D:3      | Identified the +1 scale mail of Death Resistance {Rampage
                  | rPois rF- Int+4}
  2241 | D:3      | Found a shimmering blue altar of Sif Muna.
  2378 | D:3      | Reached skill level 5 in Spellcasting
  2789 | D:3      | Reached XP level 5. HP: 28/28 MP: 5/14
  3282 | D:4      | Learned a level 4 spell: Fulminant Prism
  3287 | D:4      | Learned a level 4 spell: Iskenderun's Mystic Blast
  3340 | D:4      | Found a sand-covered staircase.
  3357 | Ossuary  | Entered an ossuary
  3757 | Ossuary  | Reached skill level 1 in Hexes
  4147 | Ossuary  | Reached skill level 1 in Translocations
  5040 | D:4      | Reached skill level 6 in Spellcasting
  5040 | D:4      | Reached XP level 6. HP: 13/32 MP: 4/17
  5597 | D:4      | Found a broken altar of Ashenzari.
  6064 | D:4      | Found a blossoming altar of Fedhas.
  6126 | D:5      | Entered Level 5 of the Dungeon
  6153 | D:5      | Reached XP level 7. HP: 36/36 MP: 8/18
  7014 | D:5      | Reached skill level 7 in Spellcasting
  7679 | D:5      | Found Duz Hel's Distillery.
  7883 | D:5      | Noticed Duvessa
  7883 | D:5      | Noticed Dowan
  7894 | D:5      | Killed Dowan
  7941 | D:4      | Identified a scroll of acquirement
  7941 | D:4      | Acquired the +0 helmet of the Crypt {Will+ Int+7}
  8316 | D:5      | Found a basalt altar of Yredelemnul.
  8382 | D:5      | Found Tualote's Magic Scroll Shoppe.
  8483 | D:6      | Noticed a yak
  8483 | D:6      | Noticed a yak
  8484 | D:6      | Noticed a yak
  8484 | D:6      | Noticed a yak
  8484 | D:6      | Noticed a yak
  8500 | D:6      | Reached XP level 8. HP: 41/41 MP: 12/21
  8514 | D:6      | Reached skill level 5 in Hexes
  9017 | D:5      | Reached skill level 8 in Spellcasting
  9207 | D:5      | Reached skill level 5 in Translocations
  9793 | D:6      | Reached XP level 9. HP: 45/45 MP: 1/23
  9895 | D:5      | Reached skill level 9 in Spellcasting
 10446 | D:6      | Found a bloodstained altar of Trog.
 10483 | D:5      | HP: 1/41 [wight/+1 hand axe of electrocution (10)]
 10485 | D:5      | Slain by a wight

Illustrated notes

Levels and vault maps discovered:
D:1:      erik_arrival_blinker_ship, layout_basic, serial_shops,
          nicolae_shop_trees
D:2:      layout_basic, minmay_small_reverse_x
D:3:      layout_loops_ring, mainiacjoe_overflow_alcove_2, minmay_circle_x
D:4:      layout_loops_ring, lemuel_tele_altar, fedhas_altar_4,
          nicolae_ossuary_entry_monument
D:5:      layout_basic, nicolae_yredelemnul_corpse_copse, serial_shops,
          nicolae_shop_statue_plus, shop, uniq_duvessa
D:6:      layout_rooms, lemuel_round_altar, mainiacjoe_overflow_chevrons,
          mainiacjoe_overflow_alcove_4

Skill      XL: |  1  2  3  4  5  6  7  8  9 |
---------------+----------------------------+-----
Spellcasting   | 4 5 6 7 8 9 |  9.2
Conjurations   | 5 6 7 8 |  8.5
Hexes          | 1 3 4 6 7 |  7.0
Translocations | 1 2 4 5 |  5.9
Dodging        | |  2.4
Stealth        | |  2.4

Action                     |  1- 3 |  4- 6 |  7- 9 || total
---------------------------+-------+-------+-------++-------
   Cast: Magic Dart        |    80 |   132 |    80 ||   292
         Searing Ray       |       |    16 |    24 ||    40
         Iskenderun's Myst |       |       |    12 ||    12
         Fulminant Prism   |       |       |    14 ||    14
    Use: Scroll            |       |     9 |     6 ||    15
         Potion            |       |     1 |     1 ||     2
 Armour: Robe              |     1 |     2 |    12 ||    15
  Dodge: Dodged            |     3 |    19 |    31 ||    53
